 Dungeon Crawl Stone Soup version 0.30.1-11-g7821555f0a (webtiles) character file.

Game seed: 5230803823495298753

173 GimliDwarf the Grasshopper (level 5, 0/43 HPs)
             Began as a Gnoll Warper on Jan 9, 2024.
             Was an Initiate of Wu Jian.
             Constricted to death by Ijyb (3 damage)
             ... on level 3 of the Dungeon.
             The game lasted 00:07:56 (3239 turns).

GimliDwarf the Grasshopper (Gnoll Warper)           Turns: 3239, Time: 00:07:57

Health: 0/43       AC:  3    Str: 11    XL:     5   Next: 53%
Magic:  19/21      EV: 10    Int: 12    God:    Wu Jian [......]
Gold:   162        SH:  0    Dex: 13    Spells: 5/14 levels left

rFire   . . .        a - +0 falchion
rCold   . . .        (no shield)
rNeg    . . .        b - +0 leather armour
rPois   .            (no helmet)
rElec   .            n - scarf {repulsion}
rCorr   .            (no gloves)
SInv    .            (no boots)
Will    +....        (no amulet)
Stlth   ++           e - ring of magical power
HPRegen 0.27/turn    (no ring)
MPRegen 0.17/turn

%: repel missiles
@: lethally poisoned (0 -> -6), grasped by roots, on blink cooldown, constricted
A: fangs 1, strong nose, distributed training, strong-willed 1, screaming 1,
inability to drink after injury 1
a: Renounce Religion


You were on level 3 of the Dungeon.
You worshipped Wu Jian.
Wu Jian was noncommittal.
You visited 2 branches of the dungeon, and saw 5 of its levels.

You collected 162 gold pieces.

Inventory:

Hand Weapons
 a - a +0 falchion (weapon)
Missiles
 q - 3 boomerangs (quivered)
Armour
 b - a +0 leather armour (worn)
 n - a scarf of repulsion (worn)
Magical Staves
 i - a staff of conjuration
Jewellery
 e - a ring of magical power (left hand)
Wands
 s - a wand of roots (6)
Scrolls
 c - 2 scrolls of blinking
 d - a scroll of torment {unknown}
 g - 6 scrolls of identify {unknown}
 j - 2 scrolls of teleportation {unknown}
 m - a scroll of summoning {unknown}
 o - 2 scrolls of amnesia {unknown}
 p - 2 scrolls of fog {unknown}
 r - a scroll of silence {unknown}
Potions
 f - a potion of flight {unknown}
 h - a potion of mutation
 k - a potion of resistance {unknown}
 l - a potion of degeneration {unknown}
 t - a potion of might {unknown}


   Skills:
 + Level 4.8 Fighting
 + Level 1.6 Short Blades
 + Level 4.8 Long Blades
 + Level 1.6 Axes
 + Level 1.6 Maces & Flails
 + Level 1.6 Polearms
 + Level 1.6 Staves
 + Level 1.6 Ranged Weapons
 + Level 3.0 Throwing
 + Level 3.0 Armour
 + Level 4.8 Dodging
 + Level 1.6 Stealth
 + Level 1.6 Shields
 + Level 1.6 Unarmed Combat
 + Level 5.2 Spellcasting
 + Level 1.2 Conjurations
 + Level 1.2 Hexes
 + Level 1.2 Summonings
 + Level 1.2 Necromancy
 + Level 5.5 Translocations
 + Level 1.2 Transmutations
 + Level 1.2 Fire Magic
 + Level 1.2 Ice Magic
 + Level 1.2 Air Magic
 + Level 1.2 Earth Magic
 + Level 1.2 Poison Magic
 + Level 1.8 Invocations
 + Level 1.6 Evocations


You had 5 spell levels left.
You knew the following spells:

 Your Spells              Type           Power      Damage    Failure   Level
a - Blink                 Tloc           32%        N/A       3%          2
b - Vhi's Electric Charg  Tloc/Air       22%        N/A       19%         3
c - Manifold Assault      Tloc           16%        N/A       26%         4

Your spell library contained the following spells:

 Spells                   Type           Power      Damage    Failure   Level
 Lesser Beckoning         Tloc           32%        N/A       3%          2
 Teleport Other           Tloc           16%        N/A       8%          3
 Dazzling Flash           Conj/Hex       12%        N/A       41%         3
 Agony                    Necr           6%         N/A       99%         5
 Silence                  Hex/Air        3%         N/A       99%         5


Dungeon Overview and Level Annotations

Branches:
Dungeon (4/15)             Temple (1/1) D:4

Altars:
Ashenzari
Cheibriados
Dithmenos
Elyvilon
Fedhas
Gozag
Hepliaklqana
Nemelex Xobeh
Ru
Trog
Vehumet
Wu Jian

Annotations:
D:2 Grinder
D:3 Ijyb
D:4 Menkaure


Innate Abilities, Weirdness & Mutations

You have very sharp teeth.
Your uncanny sense of smell can sniff out nearby items.
Your experience applies equally to all skills.
You are strong-willed. (Will+)
You occasionally shout uncontrollably at your foes.
You occasionally lose the ability to drink potions when taking damage.


Message History

Throw: 3 boomerangs
Press: ? - help, Q - select action, (/) - cycle Shift-Dir - straight line, f/p - Ijyb
Aim: Ijyb, wielding a +0 club, wearing a +0 leather armour and carrying a wand of roots (5) (moderately wounded, 53% to hit)
You throw a boomerang. The boomerang hits Ijyb.
Ijyb is moderately wounded.
Ijyb hits you with a +0 club. The grasping roots constrict you.
You hit Ijyb.
Ijyb is severely wounded.
Ijyb barely misses you. The grasping roots constrict you!
You hit Ijyb. Your bite misses Ijyb.
Ijyb is almost dead.
Ijyb hits you with a +0 club! The grasping roots constrict you.
The grasping roots release their grip on you.
You closely miss Ijyb.
Ijyb is severely wounded.
Ijyb zaps a wand.
The roots erupt in riotous growth!
The grasping roots grab you!
Ijyb is unaffected.
The grasping roots constrict you.
* * * LOW HITPOINT WARNING * * *
A kobold comes into view.
It is wielding a +0 short sword and quivering poisoned darts.
The kobold shouts!
Casting: Blink (safe; 3% risk of failure)
Confirm with . or Enter, or press ? or * to list all spells.
The roots grasp on you weakens, but your attempt to escape fails.
Ijyb hits you with a +0 club.
* * * LOW HITPOINT WARNING * * *
The grasping roots constrict you.
* * * LOW HITPOINT WARNING * * *
The kobold throws a poisoned dart.
The poisoned dart hits you!
You are lethally poisoned!
It was a potion of mutation.
You feel extremely strange.
You feel the urge to shout.
You occasionally lose the ability to drink potions when taking damage.
You feel strong-willed.
* * * LOW HITPOINT WARNING * * *
You feel very sick. Ijyb hits you with a +0 club.
* * * LOW HITPOINT WARNING * * *
The grasping roots constrict you.
You die...

#.#.......##.#
#.#...g...##.#
.#####.#K...^..##.#
........# #..# #.#
#......# #..# #.#
#......# #..# #.#
##......###..####.#
......g........†..#
########@#############
#))..................#
#.######.#######.....#
#..........##.##.....#
#.[.....<..#...#.....#
#<....####.#.P.#.....#
#.#....[...#...#.....#
#.#.#.##...#..P#.....#
#†#.#.##...##P##.....#


You could see Ijyb and a kobold.

Vanquished Creatures
  A sleepcap (D:4)
  Natasha (D:2)
  4 adders (D:2)
  3 dart slugs
  A worm (D:2)
  6 orcs
  7 ball pythons
  5 endoplasms
  2 giant cockroaches
  5 goblins
  9 hobgoblins
  2 jackals (D:1)
  3 quokkas
  8 bats
  4 frilled lizards
  5 kobolds
  3 rats
69 creatures vanquished.

Notes
Turn   | Place    | Note
-------+----------+-------------------------------------------
     0 | D:1      | GimliDwarf the Gnoll Warper began the quest for the Orb.
     0 | D:1      | Reached XP level 1. HP: 20/20 MP: 6/6
    84 | D:1      | Reached XP level 2. HP: 17/26 MP: 7/7
   231 | D:1      | Learned a level 2 spell: Blink
   521 | D:1      | Found a faded altar of an unknown god.
   553 | D:1      | Reached skill level 5 in Spellcasting
   553 | D:1      | Reached XP level 3. HP: 31/31 MP: 7/9
   712 | D:1      | Reached skill level 1 in Invocations
  1191 | D:2      | Reached skill level 1 in Short Blades
  1191 | D:2      | Reached skill level 1 in Axes
  1191 | D:2      | Reached skill level 1 in Maces & Flails
  1191 | D:2      | Reached skill level 1 in Polearms
  1191 | D:2      | Reached skill level 1 in Staves
  1191 | D:2      | Reached skill level 1 in Ranged Weapons
  1191 | D:2      | Reached skill level 1 in Stealth
  1191 | D:2      | Reached skill level 1 in Shields
  1191 | D:2      | Reached skill level 1 in Unarmed Combat
  1191 | D:2      | Reached skill level 1 in Evocations
  1206 | D:2      | Noticed Natasha
  1224 | D:2      | Killed Natasha
  1225 | D:2      | Reached XP level 4. HP: 35/38 MP: 11/11
  1301 | D:2      | Reached skill level 1 in Conjurations
  1301 | D:2      | Reached skill level 1 in Hexes
  1301 | D:2      | Reached skill level 1 in Summonings
  1301 | D:2      | Reached skill level 1 in Necromancy
  1301 | D:2      | Reached skill level 1 in Transmutations
  1301 | D:2      | Reached skill level 1 in Fire Magic
  1301 | D:2      | Reached skill level 1 in Ice Magic
  1301 | D:2      | Reached skill level 1 in Air Magic
  1301 | D:2      | Reached skill level 1 in Earth Magic
  1301 | D:2      | Reached skill level 1 in Poison Magic
  1329 | D:2      | Noticed Natasha
  1645 | D:2      | You fall into a shaft and drop 2 floors!
  1647 | D:4      | Found a staircase to the Ecumenical Temple.
  1652 | Temple   | Entered the Ecumenical Temple
  1849 | Temple   | Became a worshipper of the Wu Jian Council
  1887 | D:4      | Reached XP level 5. HP: 28/43 MP: 12/12
  2176 | D:4      | Noticed Menkaure
  2416 | D:3      | Noticed Ijyb
  2466 | D:3      | Found a sparkling altar of Nemelex Xobeh.
  2511 | D:3      | Learned a level 3 spell: Vhi's Electric Charge
  2516 | D:3      | Learned a level 4 spell: Manifold Assault
  2887 | D:3      | Noticed Grinder
  2912 | D:2      | Paralysed by Grinder for 4 turns
  2925 | D:2      | Paralysed by Grinder for 3 turns
  2933 | D:2      | Paralysed by Grinder for 2 turns
  3239 | D:3      | Gained mutation: You occasionally shout uncontrollably at
                  | your foes. [potion of mutation]
  3239 | D:3      | Gained mutation: You occasionally lose the ability to drink
                  | potions when taking damage. [potion of mutation]
  3239 | D:3      | Gained mutation: You are strong-willed. (Will+) [potion of
                  | mutation]
  3239 | D:3      | Constricted to death by Ijyb

Illustrated notes

Levels and vault maps discovered:
D:1:      amcnicky_arrival_double_pillar, layout_loops_corners,
          shapermc_ecumenical_altar_mp_ritualfount, bh_walls_and_bars
D:2:      layout_basic, minmay_split_cup_large, uniq_natasha
D:3:      layout_basic, nemelex_spade_bored_becter, serial_aquarium,
          aquarium_bridge_square [aquarium_subvault_wall,
          aquarium_subvault_bridge, aquarium_subvault_bridge,
          aquarium_subvault_wall], aquarium_window_2, aquarium_window_fake,
          aquarium_window_2, aquarium_window_corridor_1, aquarium_view_2f,
          aquarium_balcony_5b, uniq_grinder, uniq_ijyb
D:4:      layout_basic, minmay_temple_entry_offerings, serial_shops, shop,
          gup_ossuary_entry_pyramid, nicolae_wormholes, uniq_menkaure,
          uniq_duvessa
Temple:   nicolae_temple_bog_church

Skill      XL: |  1  2  3  4  5 |
---------------+----------------+-----
Spellcasting   | 5 |  5.2
Invocations    | 1 |  1.8
Short Blades   | 1 |  1.6
Axes           | 1 |  1.6
Maces & Flails | 1 |  1.6
Polearms       | 1 |  1.6
Staves         | 1 |  1.6
Ranged Weapons | 1 |  1.6
Stealth        | 1 |  1.6
Shields        | 1 |  1.6
Unarmed Combat | 1 |  1.6
Evocations     | 1 |  1.6
Conjurations   | 1 |  1.2
Hexes          | 1 |  1.2
Summonings     | 1 |  1.2
Necromancy     | 1 |  1.2
Transmutations | 1 |  1.2
Fire Magic     | 1 |  1.2
Ice Magic      | 1 |  1.2
Air Magic      | 1 |  1.2
Earth Magic    | 1 |  1.2
Poison Magic   | 1 |  1.2
Throwing       | 3 |  3.0
Armour         | 3 |  3.0
Fighting       | |  4.8
Long Blades    | |  4.8
Dodging        | |  4.8
Translocations | |  5.5

Action                     |  1- 3 |  4- 6 || total
---------------------------+-------+-------++-------
  Melee: Falchion          |   125 |   159 ||   284
         Bite              |     9 |    18 ||    27
         Punch             |     1 |     6 ||     7
  Throw: Boomerang         |     7 |    14 ||    21
   Cast: Blink             |       |     4 ||     4
Ability: Lunge             |       |     7 ||     7
    Use: Potion            |       |     1 ||     1
   Stab: Sleeping          |     1 |     2 ||     3
 Armour: Leather armour    |    34 |    23 ||    57
  Dodge: Dodged            |    99 |   112 ||   211
         Repelled          |       |     2 ||     2
